 Dungeon Crawl Stone Soup version 0.24.0-2-g5b39cebb1c (webtiles) character file.

Game seed: 16464035748187019829, levelgen mode: deterministic

97 Aviak the Chopper (level 4, -6/41 HPs)
             Began as a Hill Orc Monk on Oct 30, 2019.
             Mangled by an orc warrior
             ... wielding a +0 trident
              (8 damage)
             ... on level 2 of the Dungeon.
             The game lasted 00:02:40 (1773 turns).

Aviak the Chopper (Hill Orc Monk)                   Turns: 1773, Time: 00:02:41

Health: -6/41      AC: 12    Str: 14    XL:     4   Next: 68%
Magic:  4/4        EV:  7    Int: 15    God:
Gold:   134        SH:  0    Dex: 13    Spells: 3/3 levels left

rFire    . . .     SeeInvis .   r - +2 hand axe (freeze)
rCold    . . .     Gourm    .   (no shield)
rNeg     . . .     Faith    .   j - +0 chain mail
rPois    .         Spirit   .   (no helmet)
rElec    .         Reflect  .   o - +0 cloak (curse)
rCorr    .         Harm     .   (no gloves)
MR       .....                  m - +0 pair of boots
Stlth    ..........             (no amulet)
HPRegen  0.13/turn              l - +5 ring of intelligence
MPRegen  0.09/turn              (no ring)

@: very slightly contaminated, invisible
A: thin metallic scales 1, blurry vision 1
a: no special abilities


You were on level 2 of the Dungeon.
You were hungry.

You visited 1 branch of the dungeon, and saw 2 of its levels.

You collected 134 gold pieces.

Inventory:

Hand Weapons
 a - a +0 hand axe
 i - a +1 hand axe of flaming
 r - a +2 hand axe of freezing (weapon)
Armour
 b - a +0 robe
 j - a +0 chain mail (worn)
 m - a +0 pair of boots (worn)
 o - a cursed +0 cloak (worn)
Jewellery
 l - a +5 ring of intelligence (left hand)
 n - an uncursed ring of protection from magic {unknown}
Scrolls
 d - a scroll of fear {unknown}
 e - a scroll of immolation {unknown}
 g - 3 scrolls of identify {unknown}
 p - a scroll of enchant weapon {unknown}
 q - a scroll of magic mapping {unknown}
Comestibles
 c - 5 rations


   Skills:
 + Level 4.6 Fighting
 + Level 5.2 Axes
 + Level 3.2 Dodging
 - Level 1.5 Stealth


You had 3 spell levels left.
You didn't know any spells.
Your spell library was empty.

Dungeon Overview and Level Annotations

Branches:
Dungeon (2/15)

Altars:


Innate Abilities, Weirdness & Mutations

You are partially covered in thin metallic scales. (AC +2)
Scrolls take you a little longer to read.


Message History

You hit the orc. You freeze the orc. You barely miss the orc warrior.
You barely miss the orc. You barely miss the orc priest.
The orc warrior barely misses you.
The orc priest hits you but does no damage.
You hit the orc warrior but do no damage.
You hit the orc. You freeze the orc.
You kill the orc!
You hit the orc priest. You freeze the orc priest.
The orc warrior hits you with a +0 trident!
* * * LOW HITPOINT WARNING * * *
The orc priest completely misses you.
You closely miss the orc priest.
The orc priest is moderately wounded.
You barely miss the orc warrior. The orc warrior closely misses you.
The orc priest barely misses you.
You hit the orc priest. You freeze the orc priest.
The orc priest is almost dead.
You closely miss the orc warrior.
The orc warrior hits you with a +0 trident!
You die...

##### ########## #....####
#........# ........#
#........# #........#
#........# #........#
#####........#
#.......[####)...........#
+.$.........@o...........#
###........####o.....#######
#..........# ##........#
#..........# #........#
#..........# #........#
#........### #####.####
#........# ########..#
.###....## #......##.##
.(..<...#####......##..######


You could see an orc warrior and an orc priest.

Vanquished Creatures
  Terence (D:2)
  3 adders (D:2)
  2 leopard geckos (D:1)
  3 orcs (D:2)
  7 bats
  2 giant cockroaches
  4 goblins (D:1)
  4 hobgoblins
  3 jackals (D:2)
  2 kobolds
  3 frilled lizards
  4 rats
38 creatures vanquished.

Notes
Turn   | Place    | Note
-------+----------+-------------------------------------------
     0 | D:1      | Aviak the Hill Orc Monk began the quest for the Orb.
     0 | D:1      | Reached XP level 1. HP: 19/19 MP: 1/1
   124 | D:1      | Reached XP level 2. HP: 19/27 MP: 2/2
  1007 | D:2      | Reached XP level 3. HP: 17/33 MP: 3/3
  1316 | D:2      | Noticed Terence
  1338 | D:2      | Killed Terence
  1338 | D:2      | Reached skill level 5 in Axes
  1338 | D:2      | Reached XP level 4. HP: 38/41 MP: 4/4
  1394 | D:2      | Noticed an orc warrior
  1402 | D:2      | Gained mutation: Scrolls take you a little longer to read.
                  | [potion of mutation]
  1402 | D:2      | Gained mutation: You are partially covered in thin metallic
                  | scales. (AC +2) [potion of mutation]
  1402 | D:2      | HP: 1/41 [orc priest/nerve-wracking pain (6)]
  1771 | D:2      | HP: 1/41 [orc warrior/+0 trident (13)]
  1773 | D:2      | Mangled by an orc warrior

Levels and vault maps discovered:
D:1:      dpeg_arrival_yet_another_circle, layout_basic
D:2:      layout_basic, nrook_campfire, uniq_terence

Skill      XL: |  1  2  3 |
---------------+----------+-----
Fighting       | 4 |  4.6
Dodging        | 3 |  3.2
Axes           | 5 |  5.2
Stealth        | |  1.5

Action                   |  1- 3 |  4- 6 || total
-------------------------+-------+-------++-------
Melee: Hand axe          |    84 |    26 ||   110
  Use: Potion            |       |     5 ||     5
 Stab: Sleeping          |     2 |       ||     2
       Invisible         |       |     1 ||     1
  Eat: Chunk             |       |     2 ||     2
Armor: Chain mail        |    59 |    37 ||    96
Dodge: Dodged            |    50 |    23 ||    73
